 Dungeon Crawl Stone Soup version 0.29-a0-878-g7b45a56547 (webtiles) character file.

Game seed: 12344051646791601501

2 xian the Sneak (level 1, -1/7 HPs)
             Began as a Felid Air Elementalist on July 20, 2022.
             Slain by a jackal (3 damage)
             ... on level 1 of the Dungeon.
             The game lasted 00:00:19 (123 turns).

xian the Sneak (Felid Air Elementalist)              Turns: 123, Time: 00:00:20

Health: -1/7       AC:  1    Str:  4    XL:     1   Next: 33%
Magic:  2/4        EV: 17    Int: 16    God:
Gold:   13         SH:  0    Dex: 16    Spells: 3/4 levels left
                                        Lives:  0   Deaths: 0

rFire   . . .      SeeInvis +   (weapon unavailable)
rCold   . . .      Faith    .   (shield unavailable)
rNeg    . . .      Spirit   .   (body armour unavailable)
rPois   .          Reflect  .   (helmet unavailable)
rElec   .          Harm     .   (cloak unavailable)
rCorr   .          Rampage  .   (gloves unavailable)
Will    .....                   (boots unavailable)
Stlth   ++........              (no amulet)
HPRegen 0.02/turn               (no ring)
MPRegen 0.09/turn               (no ring)

@: quick
A: very small, claws 1, fangs 3, see invisible, speed 1, shaggy fur 1, stealthy
paws, no weapons or thrown items, no armour, multi-lived
a: no special abilities


You were on level 1 of the Dungeon.
You visited 1 branch of the dungeon, and saw 1 of its levels.

You collected 13 gold pieces.

Inventory:

Scrolls
 b - a scroll of noise {unknown}
Potions
 a - a potion of magic


   Skills:
 + Level 2.6 Dodging
 + Level 2.8 Stealth
 + Level 2.1 Spellcasting
 + Level 0.8 Conjurations
 + Level 2.7 Air Magic


You had 3 spell levels left.
You knew the following spells:

 Your Spells              Type           Power      Damage    Failure   Level
a - Shock                 Conj/Air       28%        1d4       10%         1

Your spell library contained the following spells:

 Spells                   Type           Power      Damage    Failure   Level
 Static Discharge         Conj/Air       7%         3-4/arc   16%         2
 Foxfire                  Conj/Fire      12%        2x1d4     17%         1
 Swiftness                Air            10%        N/A       21%         3
 Conjure Flame            Conj/Fire      3%         6-21      45%         3
 Inner Flame              Hex/Fire       1%         N/A       52%         3
 Airstrike                Air            5%         0-3+      54%         4
 Flame Wave               Conj/Fire      3%         2d4       86%         4


Dungeon Overview and Level Annotations

Branches:
Dungeon (1/15)

Altars:


Innate Abilities, Weirdness & Mutations

You have sharp claws.
You have razor-sharp teeth.
You have supernaturally acute eyesight. (SInv)
You cover ground quickly. (Speed+)
You are covered in fur. (AC +1)
Your paws help you pounce on unaware monsters.
You are incapable of wielding weapons or throwing items.
You cannot wear armour.
You gain extra lives every three experience levels.


Message History

That beam is likely to hit you.
Continue anyway? [Y]es or [N]o only, please.
That beam is likely to hit you.
Continue anyway? [Y]es or [N]o only, please.
That beam is likely to hit you.
Continue anyway? [Y]es or [N]o only, please.
That beam is likely to hit you.
Continue anyway? [Y]es or [N]o only, please.
That beam is likely to hit you.
Continue anyway?
Okay, then.
You scratch the jackal.
The jackal is severely wounded.
The jackal closely misses you.
You closely miss the jackal.
The jackal is severely wounded.
The jackal closely misses you. The jackal misses you.
You scratch the jackal but do no damage.
The jackal is severely wounded.
The jackal bites you.
You scratch the jackal.
The jackal is heavily wounded.
The jackal misses you. The jackal barely misses you.
You miss the jackal.
The jackal is heavily wounded.
The jackal pauses to sniff the ground.
The jackal misses you. x2; The jackal closely misses you.
Unknown command.
You closely miss the jackal.
The jackal is heavily wounded.
The jackal bites you. The jackal barely misses you.
The jackal closely misses you.
You closely miss the jackal.
The jackal is heavily wounded.
The jackal bites you.
* * * LOW HITPOINT WARNING * * *
The jackal misses you.
You closely miss the jackal.
The jackal is heavily wounded.
The jackal misses you. The jackal completely misses you. The jackal bites you.
You die...

#.#..#########.........
...#........#
#.........
#....#........#
#......... #...
#........# #.........
#... #........#
#......... #...^....#
#....##.## #........#
#######.## #........#
#..# #..#@##### ##.#
#..#hh# #.## .....h...
##.# #.#..##.#.# ##
#.## #.#.. .#.# #.###.#
# #. ## # #.#.## ..
#<## ## #.#.# #.# #.#


You could see 3 jackals.

Vanquished Creatures
  A goblin (D:1)
  A kobold (D:1)
  A rat (D:1)
3 creatures vanquished.

Notes
Turn   | Place    | Note
-------+----------+-------------------------------------------
     0 | D:1      | xian the Felid Air Elementalist began the quest for the
                  | Orb.
     0 | D:1      | Reached XP level 1. HP: 7/7 MP: 4/4
   123 | D:1      | Slain by a jackal

Illustrated notes

Levels and vault maps discovered:
D:1:      reono_arrival_mine, layout_basic, basic_ecumenical_altar,
          minmay_heptomino_d4

Action                   || total
-------------------------++-------
Melee: Unarmed           ||     8
 Cast: Shock             ||     7
Dodge: Dodged            ||    14

Table legend: (Time is in decaauts)
 A = Elapsed time spent in this place.
 B = Non-inter-level travel time spent in this place.
 C = Inter-level travel time spent in this place.
 D = Time resting spent in this place.
 E = Time spent auto-exploring this place.
 F = Levels seen in this place.
 G = Mean time per level.
                   A        B        C        D        E       F      G
               +--------+--------+--------+--------+--------+-----+--------+
         Total |    110 |    110 |      0 |      0 |     91 |   1 |  110.0 |
       Dungeon |    110 |    110 |      0 |      0 |     91 |   1 |  110.0 |
               +--------+--------+--------+--------+--------+-----+--------+

Top non-repeatable levels by time:
     D:1: 110 daAuts
